 Dungeon Sprint DCSS version 0.29-a0-834-g1e95ca9f62 (webtiles) character file.

Game seed: 17899153097030470473

17393 mhtbhm the Bludgeoner (level 12, -6/136 HPs)
             Began as a Gargoyle Fighter on July 12, 2022.
             Was an Initiate of Gozag.
             Killed by divine providence
             ... invoked by a daeva
              (12 damage)
             ... in the Dungeon (Sprint VII: "The Pits").
             The game lasted 00:10:24 (3237 turns).

mhtbhm the Bludgeoner (Gargoyle Fighter)            Turns: 3237, Time: 00:10:24

Health: -6/136     AC: 26    Str: 27    XL:     12   Next: 47%
Magic:  12/12      EV:  2    Int: 10    God:    Gozag
Gold:   1941       SH:  7    Dex: 12    Spells: 11/11 levels left

rFire   + . .      SeeInvis .   a - +4 morningstar (holy)
rCold   + . .      Faith    .   c - +0 buckler
rNeg    + . .      Spirit   .   (body armour currently unavailable)
rPois   ∞          Reflect  .   (helmet currently unavailable)
rElec   +          Harm     .   (cloak currently unavailable)
rCorr   +          Rampage  .   (gloves currently unavailable)
Will    .....      NoTele   +   (boots currently unavailable)
Stlth   ++........              (no amulet)
HPRegen 0.32/turn               n - +3 ring of dexterity
MPRegen 0.13/turn               p - +3 ring of strength

@: mighty, tree-form (expiring), resistant, gold aura, hasted, glowing, very
quick
A: stationary, stasis, torment immunity, boosted hp, sickness immunity, AC +8,
negative energy resistance 1, (electricity resistance), torment resistance 1,
petrification resistance
a: End Transformation, Renounce Religion, Potion Petition, Call Merchant, Bribe
Branch


You were in the Dungeon.
You worshipped Gozag.
Gozag was most pleased with you.
You were a tree.
You visited 1 branch You collected 6702 gold pieces.
You spent 154 gold pieces at shops.
You paid 4607 gold pieces to Gozag.

Inventory:

Hand Weapons
 a - a +4 morningstar of holy wrath (weapon)
 t - a +2 morningstar of freezing
 v - a +2 vorpal morningstar
Armour
 b - a +4 chain mail (melded)
 c - a +0 buckler (worn)
 r - a +0 cloak (melded)
 s - a +0 pair of gloves (melded)
 B - a +0 pair of boots (melded)
Jewellery
 n - a +3 ring of dexterity (left branch)
 p - a +3 ring of strength (right branch)
 z - a ring of see invisible
Wands
 u - a wand of flame (12)
Scrolls
 j - 3 scrolls of enchant armour
 l - 5 scrolls of amnesia
 m - a scroll of identify
 w - 3 scrolls of fog
 x - 2 scrolls of fear
 y - 2 scrolls of blinking
Potions
 d - 2 potions of might
 e - 9 potions of curing
 g - a potion of haste
 h - 4 potions of magic
 i - 2 potions of berserk rage
 k - 2 potions of invisibility
 o - 3 potions of resistance
 q - 3 potions of mutation
 A - a potion of flight
 E - 2 potions of brilliance
Miscellaneous
 C - a piece from Xom's chessboard (15/15)
 D - a phial of floods


   Skills:
 + Level 17.2 Fighting
 + Level 18.4 Maces & Flails
 + Level 14.9 Armour
 + Level 4.7 Dodging
 + Level 11.5 Stealth
 + Level 12.8 Shields
 + Level 1.5 Evocations


You had 11 spell levels left.
You didn't know any spells.
Your spell library was empty.

Dungeon Overview and Level Annotations

Branches:
Dungeon (1/1)

Altars:
Ashenzari
Cheibriados
Dithmenos
Elyvilon
Fedhas
Gozag
Hepliaklqana
Kikubaaqudgha
Makhleb
Nemelex Xobeh
Okawaru
Qazlal
Ru
Sif Muna
Trog
Uskayaw
Vehumet
Wu Jian
Xom
Yredelemnul
Zin
The Shining One
Jiyva
Lugonu

Shops:
D (


Innate Abilities, Weirdness & Mutations

You are a tree.
Your roots penetrate the ground, keeping you stationary.
You cannot be teleported.
You are immune to unholy pain and torment.
Your maximum health is greatly increased.
Your equipment is partially melded.
You are immune to sickness and miasma.
((Your stone body is resilient. (AC +8)))
You are immune to poison.
You resist negative energy. (rN+)
((You are resistant to electric shocks. (rElec)))
You are resistant to unholy torment.
You are immune to petrification.


Message History

The spriggan rider hits you from afar with a +0 spear.
* * * LOW HITPOINT WARNING * * *
The apis gores you but does no damage.
The daeva calls down the wrath of the Shining One upon you.
The Shining One smites you!
* * * LOW HITPOINT WARNING * * *
The daeva blocks your attack.
The daeva is almost dead.
Unknown command.
Okay, then.
You feel much better.
The neqoxec is no longer distracted by gold.
The spriggan rider hits you from afar with a +0 spear.
* * * LOW HITPOINT WARNING * * *
The rust devil is distracted by your dazzling golden aura.
You block the apis's attack.
The daeva calls down the wrath of the Shining One upon you.
The Shining One smites you!
* * * LOW HITPOINT WARNING * * *
As you read the scroll of fog, it crumbles to dust.
The scroll dissolves into smoke.
The spriggan rider hits you from afar with a +0 spear.
* * * LOW HITPOINT WARNING * * *
The daeva calls down the wrath of the Shining One upon you.
The Shining One smites you!
* * * LOW HITPOINT WARNING * * *
The apis gores you!
* * * LOW HITPOINT WARNING * * *
Unknown command.
The daeva blocks your attack.
The daeva is almost dead.
The daeva blocks your attack.
The daeva is almost dead.
You block the spriggan rider's attack. The daeva blocks your attack.
The daeva is almost dead.
The daeva calls down the wrath of the Shining One upon you.
The Shining One smites you!
You die...
Your body crumbles into a pile of gold.

##########..#....#..#
........''..........#
........''..........#
######..##..#....#..# $
#..##......)...+ #..##..........+
$ #..####§§####)'#
#..####§§####')#########
#..##§A♣§§.##...........
##########..##§#Y##.##...........
............##.#Ti .##..#########
............## '4)# ##..#
#''########## #.[' #))#
#''####### +}.#. #..# ........##.
##+#. #..# .#......##. ##..#
........++.. #..#


You could see an apis, a daeva, a spriggan rider and a deep troll.

Vanquished Creatures
  A stone giant (D)
  A great orb of eyes (D)
  A boulder beetle (D)
  4 skeletal warriors (D)
  A shadow wraith (D)
  5 flayed ghosts (D)
  A deep troll (D)
  2 orc knights (D)
  A bog body (D)
  Maurice (D)
  A manticore (D)
  A cyclops (D)
  A merfolk siren (D)
  An elephant (D)
  A molten gargoyle (D)
  A kobold demonologist (D)
  A smoke demon (D)
  A freezing wraith (D)
  A demonic crawler (D)
  An ice devil (D)
  A merfolk (D)
  A wind drake (D)
  2 tarantellas (D)
  A tyrant leech (D)
  4 dream sheep (D)
  A wyvern (D)
  A jumping spider (D)
  2 spriggans (D)
  2 wraiths (D)
  A neqoxec (D)
  3 redbacks (D)
  A chaos spawn (D)
  A warg (D)
  A water moccasin (D)
  An ice beast (D)
  A floating eye (D)
  4 orc warriors (D)
  4 ogres (D)
  A kobold brigand (D)
  A scorpion (D)
  5 wights (D)
  A crimson imp (D)
  An orc priest (D)
  A quasit (D)
  A gnoll bouda (D)
  2 iron imps (D)
  2 orc wizards (D)
  An iguana (D)
  A mummy (D)
  A river rat (D)
  2 worms (D)
  An adder skeleton (D)
  10 orcs (D)
  2 endoplasms (D)
  A giant cockroach (D)
  A bat (D)
  2 frilled lizards (D)
  A giant cockroach simulacrum (D)
  A goblin (D)
  A jackal skeleton (D)
  A quokka skeleton (D)
101 creatures vanquished.

Notes
Turn   | Place    | Note
-------+----------+-------------------------------------------
     0 | D        | mhtbhm the Gargoyle Fighter began the quest for the Orb.
     0 | D        | Reached XP level 1. HP: 14/14 MP: 1/1
    31 | D        | Reached XP level 2. HP: 10/20 MP: 2/2
   194 | D        | Found a bloodstained altar of Trog.
   194 | D        | Found a shimmering blue altar of Sif Muna.
   194 | D        | Found a viscous altar of Jiyva.
   194 | D        | Found a hazy altar of Hepliaklqana.
   194 | D        | Found an opulent altar of Gozag.
   195 | D        | Found a glowing golden altar of the Shining One.
   195 | D        | Found a glowing silver altar of Zin.
   195 | D        | Found a basalt altar of Yredelemnul.
   195 | D        | Found a shimmering altar of Xom.
   195 | D        | Found an ornate altar of the Wu Jian Council.
   195 | D        | Found a sacrificial altar of Ru.
   195 | D        | Found a stormy altar of Qazlal.
   195 | D        | Found an iron altar of Okawaru.
   195 | D        | Found a sparkling altar of Nemelex Xobeh.
   195 | D        | Found a burning altar of Makhleb.
   195 | D        | Found a blossoming altar of Fedhas.
   195 | D        | Found a white marble altar of Elyvilon.
   195 | D        | Found a shadowy altar of Dithmenos.
   195 | D        | Found a snail-covered altar of Cheibriados.
   197 | D        | Found a radiant altar of Vehumet.
   197 | D        | Found a corrupted altar of Lugonu.
   198 | D        | Found a hide-covered altar of Uskayaw.
   198 | D        | Found an ancient bone altar of Kikubaaqudgha.
   198 | D        | Found a broken altar of Ashenzari.
   202 | D        | Became a worshipper of Gozag Ym Sagoz the Greedy
   274 | D        | Noticed a floating eye
   280 | D        | Killed a floating eye
   281 | D        | Reached skill level 4 in Maces & Flails
   281 | D        | Reached XP level 3. HP: 27/27 MP: 3/3
   281 | D        | Reached XP level 4. HP: 32/32 MP: 4/4
   500 | D        | Reached skill level 5 in Maces & Flails
   500 | D        | Reached XP level 5. HP: 30/37 MP: 5/5
   507 | D        | Reached XP level 6. HP: 36/44 MP: 6/6
   510 | D        | Noticed an orc warrior
   514 | D        | Reached skill level 6 in Maces & Flails
   543 | D        | Killed an orc warrior
   544 | D        | Reached skill level 7 in Maces & Flails
   544 | D        | Reached XP level 7. HP: 25/50 MP: 7/7
   783 | D        | Noticed a tarantella
   787 | D        | Killed a tarantella
   788 | D        | Reached skill level 9 in Maces & Flails
   788 | D        | Reached skill level 10 in Armour
   788 | D        | Reached skill level 1 in Dodging
   788 | D        | Reached skill level 1 in Stealth
   805 | D        | Reached XP level 8. HP: 57/57 MP: 8/8
   842 | D        | Noticed a manticore
   859 | D        | Killed a manticore
   860 | D        | Reached skill level 10 in Fighting
   860 | D        | Reached skill level 10 in Maces & Flails
  1095 | D        | Noticed a flayed ghost
  1102 | D        | Killed a flayed ghost
  1103 | D        | Reached skill level 11 in Maces & Flails
  1103 | D        | Reached XP level 9. HP: 26/63 MP: 9/9
  1107 | D        | Killed a shadow wraith
  1108 | D        | Reached skill level 12 in Maces & Flails
  1108 | D        | Reached skill level 5 in Stealth
  1108 | D        | Reached skill level 10 in Shields
  1209 | D        | Reached skill level 13 in Maces & Flails
  1216 | D        | Noticed a bog body
  1229 | D        | Killed a bog body
  1230 | D        | Reached skill level 14 in Maces & Flails
  1230 | D        | Reached XP level 10. HP: 38/71 MP: 10/10
  1320 | D        | Noticed an elephant
  1330 | D        | Killed an elephant
  1361 | D        | Noticed Maurice
  1373 | D        | Killed Maurice
  1374 | D        | Reached skill level 15 in Maces & Flails
  1463 | D        | Noticed a cyclops
  1464 | D        | Noticed a flayed ghost
  1474 | D        | Killed a flayed ghost
  1481 | D        | Killed a cyclops
  1576 | D        | Noticed an orc knight
  1583 | D        | Reached skill level 16 in Maces & Flails
  1586 | D        | Noticed an orc knight
  1588 | D        | Killed an orc knight
  1593 | D        | Killed an orc knight
  1594 | D        | Reached XP level 11. HP: 78/78 MP: 11/11
  1683 | D        | Noticed a flayed ghost
  1686 | D        | Noticed a deep troll
  1692 | D        | Killed a flayed ghost
  1712 | D        | Killed a deep troll
  1713 | D        | Reached skill level 17 in Maces & Flails
  1738 | D        | Reached skill level 1 in Evocations
  1865 | D        | Noticed a flayed ghost
  1938 | D        | Killed a flayed ghost
  1939 | D        | Reached skill level 15 in Fighting
  1952 | D        | Reached skill level 10 in Stealth
  2296 | D        | Bought a runed morningstar for 154 gold pieces
  2398 | D        | Noticed a skeletal warrior
  2411 | D        | Killed a skeletal warrior
  2635 | D        | Noticed a skeletal warrior
  2636 | D        | Noticed a flayed ghost
  2651 | D        | Killed a skeletal warrior
  2654 | D        | Killed a flayed ghost
  2655 | D        | Reached XP level 12. HP: 77/88 MP: 12/12
  2720 | D        | Reached skill level 18 in Maces & Flails
  2954 | D        | Noticed a great orb of eyes
  2967 | D        | Killed a great orb of eyes
  3022 | D        | Noticed a boulder beetle
  3041 | D        | Killed a boulder beetle
  3200 | D        | Noticed a stone giant
  3200 | D        | Noticed an apis
  3200 | D        | Noticed a daeva
  3210 | D        | Killed a stone giant
  3222 | D        | HP: 1/136 [daeva/+5 scimitar of holy wrath (11)]
  3234 | D        | HP: 5/136 [apis (7)]
  3237 | D        | Killed from afar by a daeva

Illustrated notes

Levels and vault maps discovered:
D:        pitsprint [storerooms_1, entrance_room_1, metal_vault_1, armoury_2,
          mini_pit_1, grid_room_1, main_hall_1, silver_pit, the_coven_1,
          the_vestibule_1, steel_vault_4, golden_pit, hallway_of_sentries,
          crystal_vault_3, iron_vault_4, final_vault]

Skill      XL: |  1  2  3  4  5  6  7  8  9 10 11 12 |
---------------+-------------------------------------+-----
Fighting       | 4 6 7 8 9 10 11 13 15 17 | 17.2
Armour         | 4 6 7 8 9 10 11 12 14 | 14.9
Shields        | 4 6 7 8 9 10 12 | 12.8
Maces & Flails | 4 5 7 9 11 14 16 17 18 | 18.4
Dodging        | 1 2 3 4 |  4.7
Stealth        | 1 4 6 7 10 11 | 11.5
Evocations     | 1 |  1.5

Action                   |  1- 3 |  4- 6 |  7- 9 | 10-12 || total
-------------------------+-------+-------+-------+-------++-------
Melee: Flail             |     8 |    45 |    18 |       ||    71
       Mace              |    14 |    11 |       |       ||    25
       Morningstar       |       |       |    70 |   295 ||   365
Invok: Potion Petition   |       |       |       |     7 ||     7
       Call Merchant     |       |       |       |     1 ||     1
Evoke: Wand              |       |       |       |     3 ||     3
  Use: Potion            |       |     1 |     4 |    14 ||    19
       Scroll            |       |       |       |     4 ||     4
 Stab: Distracted        |       |       |     4 |     2 ||     6
       Invisible         |       |       |       |     9 ||     9
Armor: Scale mail        |     8 |     9 |       |       ||    17
       Chain mail        |       |    34 |    41 |   142 ||   217
       Skin              |       |       |       |    15 ||    15
Dodge: Dodged            |     7 |    23 |    25 |   114 ||   169
Block: Buckler           |     2 |    16 |    16 |    79 ||   113

Table legend: (Time is in decaauts)
 A = Elapsed time spent in this place.
 B = Non-inter-level travel time spent in this place.
 C = Inter-level travel time spent in this place.
 D = Time resting spent in this place.
 E = Time spent auto-exploring this place.
 F = Levels seen in this place.
 G = Mean time per level.
                   A        B        C        D        E       F      G
               +--------+--------+--------+--------+--------+-----+--------+
         Total |   3198 |   3198 |      0 |   1675 |    175 |   1 | 3198.0 |
       Dungeon |   3198 |   3198 |      0 |   1675 |    175 |   1 | 3198.0 |
               +--------+--------+--------+--------+--------+-----+--------+

Top non-repeatable levels by time:
       D: 3198 daAuts
